 Dungeon Crawl Stone Soup version 0.27.1-16-g815e20cd7a (webtiles) character file.

Game seed: 5407485996788092670

6055 H0rd4k the Slicer (level 11, -2/80 HPs)
             Began as a Human Artificer on Nov 22, 2021.
             Was an Initiate of Gozag.
             Shot with an arrow by Nessos (5 damage)
             ... on level 12 of the Dungeon on Nov 23, 2021.
             The game lasted 00:28:25 (12091 turns).

H0rd4k the Slicer (Human Artificer)                Turns: 12091, Time: 00:28:26

Health: -2/80      AC:  3    Str: 13    XL:     11   Next: 11%
Magic:  22/22      EV: 14    Int: 14    God:    Gozag
Gold:   1460       SH:  0    Dex: 14    Spells: 22/24 levels left

rFire    . . .     SeeInvis .   N - +2 long sword (holy)
rCold    + . .     Faith    .   (no shield)
rNeg     . . .     Spirit   .   b - +0 leather armour
rPois    .         Reflect  .   (no helmet)
rElec    .         Harm     .   (no cloak)
rCorr    .         Rampage  .   (no gloves)
Will     .....                  (no boots)
Stlth    ++........             r - amulet of regeneration
HPRegen  1.23/turn              o - ring of protection from cold
MPRegen  0.18/turn              M - ring of flight

@: lethally poisoned (-2 -> -14), flying, hasted, very quick
A: no striking features
a: Renounce Religion, Potion Petition, Call Merchant, Bribe Branch


You were on level 12 of the Dungeon.
You worshipped Gozag.
Gozag was most pleased with you.
You visited 3 branches of the dungeon, and saw 14 of its levels.
You also visited: Sewer and Ossuary.

You collected 1522 gold pieces.
You paid 62 gold pieces to Gozag.

Inventory:

Hand Weapons
 f - a +0 rapier
 p - a +0 short sword of venom
 N - a +2 long sword of holy wrath (weapon)
Missiles
 i - 5 datura-tipped darts
 I - a throwing net
Armour
 b - a +0 leather armour (worn)
Magical Staves
 A - a staff of poison
Jewellery
 o - a ring of protection from cold (left hand)
 r - an amulet of regeneration (around neck)
 M - a ring of flight (right hand)
Wands
 c - a wand of flame (16) (quivered)
 J - a wand of digging (5)
 K - a wand of polymorph (17)
Scrolls
 a - 3 scrolls of immolation {unknown}
 g - a scroll of teleportation
 j - a scroll of amnesia {unknown}
 n - a scroll of brand weapon {unknown}
 s - a scroll of fear {unknown}
 t - 3 scrolls of noise {unknown}
 u - 2 scrolls of enchant weapon {unknown}
 v - 2 scrolls of holy word {unknown}
 w - 2 scrolls of torment {unknown}
 y - a scroll of fog {unknown}
 L - a scroll of magic mapping {unknown}
Potions
 l - 4 potions of curing
 m - 3 potions of mutation
 q - 2 potions of cancellation
 x - 7 potions of flight
 z - 2 potions of heal wounds
 B - 3 potions of brilliance
 C - 4 potions of magic
 D - a potion of haste
 E - 2 potions of attraction
 F - a potion of berserk rage
 G - a potion of degeneration {unknown}
 H - a potion of lignification
Miscellaneous
 d - a piece from Xom's chessboard (15/15)
 e - a piece from Xom's chessboard (15/15)


   Skills:
 - Level 5.3 Fighting
 - Level 8.0 Short Blades
 - Level 0.5(0.6) Axes
 - Level 0.3(0.5) Polearms
 - Level 0.6 Slings
 - Level 0.4 Bows
 - Level 0.4 Crossbows
 - Level 2.0 Armour
 - Level 5.7 Dodging
 + Level 2.0 Stealth
 - Level 0.3 Shields
 * Level 7.3 Spellcasting
 - Level 1.0 Conjurations
 - Level 0.9 Hexes
 - Level 0.9 Summonings
 - Level 1.1 Necromancy
 - Level 1.0 Translocations
 - Level 1.0 Transmutations
 - Level 0.9 Fire Magic
 - Level 0.8 Ice Magic
 - Level 0.8 Air Magic
 - Level 1.4 Earth Magic
 * Level 2.6 Poison Magic
 + Level 2.1 Invocations
 + Level 5.7 Evocations


You had 22 spell levels left.
You knew the following spells:

 Your Spells              Type           Power      Damage    Failure   Level
a - Poisonous Vapours     Pois/Air       20%        N/A       13%         2

Your spell library contained the following spells:

 Spells                   Type           Power      Damage    Failure   Level
 Sting                    Tmut/Pois      40%        1d5       9%          1
 Ensorcelled Hibernation  Hex/Ice        14%        N/A       19%         2
 Spider Form              Tmut/Pois      5%         N/A       24%         3
 Stone Arrow              Conj/Erth      16%        3d8       30%         3
 Olgreb's Toxic Radiance  Pois           12%        N/A       50%         4
 Summon Lightning Spire   Summ/Air       7%         N/A       77%         4
 Bolt of Magma            Conj/Fire/Erth 4%         4d5       97%         5
 Shadow Creatures         Summ           N/A        N/A       100%        6
 Storm Form               Tmut/Air       3%         N/A       100%        7
 Maxwell's Capacitive Co  Air            3%         ∞         100%        8
 Shatter                  Erth           4%         3d8*      100%        9


Dungeon Overview and Level Annotations

Branches:
Dungeon (12/15)            Temple (1/1) D:4            Lair (0/6) D:10
    Orc (1/2) D:9           Sewer (visited)         Ossuary (visited)

Altars:
Elyvilon
Gozag
Hepliaklqana
Kikubaaqudgha
Makhleb
Okawaru
Qazlal
Ru
Sif Muna
Uskayaw
Wu Jian
Xom
The Shining One

Shops:
D:8 *

Annotations:
D:8 exclusion: downstairs
D:9 exclusion: boulder beetle
D:10 exclusion: upstairs
D:11 exclusions: ugly thing and 2 upstairs
D:12 Nessos


Message History

You see here a scroll labelled XERAUD TIKALINK.
You see here a potion of curing.
Nessos shoots an arrow.
The arrow hits you! The arrow burns you.
You are poisoned.
You feel very sick.
Nessos gestures wildly while chanting.
Nessos seems to speed up.
You feel very sick.
Nessos shoots an arrow.
The arrow hits you! The arrow burns you.
A slime creature comes into view.
You feel sick.
The slime creature quivers. 2 slime creatures come into view.
You feel sick. 2 slime creatures come into view.
You feel sick.
Nessos blinks! x2
The slime creature completely misses you.
You riposte.
You hit the slime creature.
The slime creature is lightly wounded.
Nessos blinks!
You feel sick. The slime creature hits you!!
* * * LOW HITPOINT WARNING * * *
Nessos blinks!
You feel sick.
Two slime creatures merge to form a large slime creature.
The slime creature hits you!
* * * LOW HITPOINT WARNING * * *
You feel sick.
You feel much better.
You feel sick.
You are no longer poisoned.
The slime creature hits you!
* * * LOW HITPOINT WARNING * * *
You feel yourself speed up.
Nessos blinks!
Two slime creatures merge to form a large slime creature.
Nessos shoots an arrow.
The arrow hits you!
* * * LOW HITPOINT WARNING * * *
The arrow burns you.
You are lethally poisoned!
You die...
Your body crumbles into a pile of gold.

$ #.. #.# #.# #.#
# ##.## #. c..
##.. #.# $ ....#
#@# .#.#
#..J..#J# .#..
#.....#O# .....
.J...JJ§##.....
#.J...#........
#.....#........
###.# #...§.... #
#>###.##...#.
#.###..!.......#.


You could see Nessos (fast), a large slime creature, a slime creature and a
two-headed ogre.

Vanquished Creatures
  A death yak (D:10)
  A hornet (D:11)
  2 wraiths (D:11)
  7 yaks (D:10)
  A warg (D:8)
  An acid dragon (D:9)
  3 water moccasins
  An orc warrior (D:11)
  A necrophage (D:5)
  2 ice beasts (D:6)
  3 ogres
  3 centaurs
  2 phantoms
  A kobold brigand (Sewer)
  2 bullfrogs
  A gnoll sergeant (D:8)
  2 scorpions (D:7)
  A wyvern zombie (D:9)
  10 water moccasin zombies
  3 killer bees
  3 howler monkeys
  An electric eel (D:10)
  A bullfrog zombie (D:5)
  A crimson imp (D:7)
  2 centaur zombies
  2 centaur skeletons
  2 hounds
  2 jellies
  4 orc priests
  2 iguanas
  Natasha (thrice) (D:3)
  2 orc wizards
  2 mummies (Ossuary)
  A howler monkey zombie (D:4)
  3 gnolls (D:8)
  2 adders
  2 river rats
  3 white imps
  2 ufetubi (D:5)
  An adder skeleton (D:4)
  3 adder zombies (Ossuary)
  A worm (D:3)
  2 dart slugs (D:1)
  19 orcs
  4 bats
  7 endoplasms
  A giant cockroach (D:4)
  A gnoll zombie (Ossuary)
  7 goblins
  10 hobgoblins
  4 jackals
  10 kobolds
  3 quokkas
  8 ball pythons
  A frilled lizard (D:2)
  A hobgoblin zombie (Ossuary)
  6 kobold zombies (Ossuary)
  4 orc zombies (Ossuary)
  9 rats
190 creatures vanquished.

Vanquished Creatures (collateral kills)
  A centaur skeleton (D:6)
  An adder (D:5)
  2 orcs
4 creatures vanquished.

Vanquished Creatures (others)
  Maggie (D:10)
  An ogre (D:5)
  A centaur (D:7)
  A scorpion (D:6)
  A worm (D:6)
  2 orcs
  A ball python (D:3)
8 creatures vanquished.

Grand Total: 202 creatures vanquished

Notes
Turn   | Place    | Note
-------+----------+-------------------------------------------
     0 | D:1      | H0rd4k the Human Artificer began the quest for the Orb.
     0 | D:1      | Reached XP level 1. HP: 15/15 MP: 1/1
   256 | D:1      | Reached XP level 2. HP: 6/21 MP: 2/2
   851 | D:1      | Reached XP level 3. HP: 13/26 MP: 3/3
  1677 | D:2      | Reached skill level 1 in Short Blades
  2169 | D:2      | Found a faded altar of an unknown god.
  2442 | D:2      | Reached XP level 4. HP: 28/32 MP: 4/4
  3556 | D:3      | Noticed Natasha
  3562 | D:3      | Killed Natasha
  3563 | D:3      | Reached skill level 2 in Short Blades
  3563 | D:3      | Reached XP level 5. HP: 28/38 MP: 5/5
  3604 | D:3      | Noticed Natasha
  3606 | D:3      | Killed Natasha
  4071 | D:3      | Noticed Natasha
  4075 | D:3      | Killed Natasha
  4233 | D:4      | Found a staircase to the Ecumenical Temple.
  4275 | Temple   | Entered the Ecumenical Temple
  4373 | Temple   | Became a worshipper of Gozag Ym Sagoz the Greedy
  4631 | D:4      | Reached skill level 3 in Short Blades
  4631 | D:4      | Reached XP level 6. HP: 25/44 MP: 6/6
  5483 | D:5      | Entered Level 5 of the Dungeon
  5535 | D:5      | Noticed an ogre
  5579 | D:5      | Noticed an ogre
  5591 | D:5      | Noticed a necrophage
  5616 | D:5      | Killed a necrophage
  5655 | D:5      | Reached skill level 4 in Short Blades
  5733 | D:5      | Reached XP level 7. HP: 47/51 MP: 7/7
  6141 | D:5      | Reached skill level 5 in Short Blades
  6611 | D:6      | Found a glowing drain.
  6651 | Sewer    | Entered a sewer
  6671 | Sewer    | Reached XP level 8. HP: 58/58 MP: 8/8
  6792 | Sewer    | Found a glowing silver altar of Zin.
  6925 | D:6      | Reached skill level 6 in Short Blades
  7536 | D:7      | Reached skill level 5 in Evocations
  7585 | D:7      | Reached XP level 9. HP: 57/66 MP: 9/9
  7689 | D:7      | Found a sand-covered staircase.
  7694 | Ossuary  | Entered an ossuary
  7814 | Ossuary  | Reached skill level 5 in Dodging
  7885 | Ossuary  | Reached skill level 7 in Short Blades
  8022 | Ossuary  | Reached skill level 5 in Fighting
  8866 | D:7      | Reached skill level 8 in Short Blades
  9188 | D:8      | Reached skill level 1 in Spellcasting
  9402 | D:8      | Found a burning altar of Makhleb.
  9590 | D:8      | Found Gloywuth's Goods Gallery.
  9905 | D:8      | Reached skill level 1 in Earth Magic
 10007 | D:8      | Reached XP level 10. HP: 35/74 MP: 14/14
 10288 | D:9      | Noticed a boulder beetle
 10381 | D:10     | Entered Level 10 of the Dungeon
 10600 | D:11     | Noticed a purple ugly thing
 10812 | D:10     | Reached skill level 5 in Spellcasting
 10816 | D:10     | Reached skill level 1 in Necromancy
 10902 | D:10     | Noticed a death yak
 10903 | D:10     | Noticed a death yak
 10962 | D:10     | Killed a death yak
 10963 | D:10     | Reached skill level 1 in Conjurations
 10963 | D:10     | Reached skill level 1 in Translocations
 10963 | D:10     | Reached skill level 1 in Invocations
 10985 | D:10     | Noticed a death yak
 10986 | D:10     | Found a staircase to the Lair.
 10998 | D:10     | Noticed Maggie
 11010 | D:10     | Your ally died
 11035 | D:10     | Reached skill level 1 in Transmutations
 11130 | D:8      | Learned a level 2 spell: Poisonous Vapours
 11186 | D:9      | Reached skill level 1 in Poison Magic
 11477 | D:9      | Found a staircase to the Orcish Mines.
 11487 | Orc:1    | Entered Level 1 of the Orcish Mines
 11494 | D:9      | a boulder beetle changed into a snapping turtle
 11655 | D:11     | Reached XP level 11. HP: 64/80 MP: 21/21
 12030 | D:12     | Noticed Nessos
 12031 | D:12     | Noticed a two-headed ogre
 12091 | D:12     | HP: 3/80 [Nessos/arrow (16)]
 12091 | D:12     | Shot with an arrow by Nessos

Illustrated notes

Levels and vault maps discovered:
D:1:      sevenhm_arrival_forest_fort_large_2, layout_rooms,
          minmay_strange_pillars
D:2:      layout_basic, hellmonk_ecumenical_altar_leap_of_faith, st_stairs_11
D:3:      layout_rooms, uniq_natasha
D:4:      layout_loops_ring, minmay_temple_entry_gardened_gates,
          minmay_fractal_squares_gapless_5
D:5:      layout_gridville
D:6:      layout_rooms, cheibrodos_sewer_entry_sluice, minivault_24
D:7:      layout_layer_cave, lightli_ossuary_entry_decrepit_ruins,
          minmay_misc_feat_chi, minmay_fire_ice_demons
D:8:      layout_loops_ring, lemuel_tele_altar, nicolae_alphabet_shops,
          minmay_misc_feat_diagonals
D:9:      layout_grid_maze, erik_orc_4
D:10:     erik_rubicon_b, layout_gridville, dpeg_lair_monsters, fountainhead,
          uniq_maggie
D:11:     layout_basic
D:12:     layout_loops_ring, uniq_nessos
Temple:   kilobyte_greek_temple
Orc:1:    layout_caves, nicolae_orc_rich_vein

Skill      XL: |  1  2  3  4  5  6  7  8  9 10 11 |
---------------+----------------------------------+-----
Short Blades   | 1 2 3 4 5 6 8 |  8.0
Evocations     | 4 5 |  5.7
Dodging        | 2 3 4 5 |  5.7
Fighting       | 2 3 4 5 |  5.3
Spellcasting   | 3 7 |  7.3
Earth Magic    | 1 |  1.4
Necromancy     | 1 |  1.1
Conjurations   | 1 |  1.0
Translocations | 1 |  1.0
Invocations    | 1 2 |  2.1
Transmutations | 1 |  1.0
Poison Magic   | 1 2 |  2.6
Stealth        | 2 |  2.0
Axes           | |  0.5
Polearms       | |  0.3
Slings         | |  0.6
Bows           | |  0.4
Crossbows      | |  0.4
Armour         | |  2.0
Shields        | |  0.3
Hexes          | |  0.9
Summonings     | |  0.9
Fire Magic     | |  0.9
Ice Magic      | |  0.8
Air Magic      | |  0.8

Action                   |  1- 3 |  4- 6 |  7- 9 | 10-12 || total
-------------------------+-------+-------+-------+-------++-------
Melee: Rapier            |   159 |   130 |       |       ||   289
       Short sword       |       |    35 |   683 |   151 ||   869
       Long sword        |       |       |       |    12 ||    12
 Cast: Poisonous Vapours |       |       |       |     2 ||     2
Evoke: Wand              |     2 |    12 |    28 |    18 ||    60
  Use: Scroll            |       |       |       |    12 ||    12
       Potion            |       |       |       |     2 ||     2
 Stab: Sleeping          |     3 |     2 |       |       ||     5
       Distracted        |       |     1 |     1 |     1 ||     3
       Paralysed         |       |       |       |     2 ||     2
Armor: Leather armour    |    42 |    35 |    97 |    26 ||   200
Dodge: Dodged            |    89 |    86 |   318 |    96 ||   589
       Rpst.: Long sword |       |       |       |     6 ||     6
